 Dungeon Crawl Stone Soup version 0.25.0-37-gb73750e0fb (webtiles) character file.

Game seed: 18412198638951397528

552 ANON1729 the Shield-Bearer (level 7, -2/49 HPs)
             Began as an Octopode Fighter on July 8, 2020.
             Killed by divine providence
             ... invoked by an orc priest
              (14 damage)
             ... on level 4 of the Dungeon.
             The game lasted 00:06:17 (3669 turns).

ANON1729 the Shield-Bearer (Octopode Fighter)       Turns: 3669, Time: 00:06:17

Health: -2/49      AC:  5    Str: 17    XL:     7   Next: 29%
Magic:  7/7        EV: 12    Int: 11    God:
Gold:   83         SH:  9    Dex: 11    Spells: 6/6 levels left

rFire    . . .     SeeInvis .     - Unarmed
rCold    . . .     Gourm    .   a - +0 kite shield
rNeg     . . .     Faith    .   (helmet restricted)
rPois    +         Spirit   .   (no amulet)
rElec    .         Reflect  .   m - ring of poison resistance
rCorr    .         Harm     .   q - +4 ring of protection
MR       .....                  (no ring)
Stlth    +++.......             (no ring)
HPRegen  0.16/turn              (no ring)
MPRegen  0.10/turn              (no ring)
                                (no ring)
                                (no ring)

@: no status effects
A: almost no armour, stealthy swim, amphibious, 8 rings, constrict 8, camouflage
1, gelatinous body 1
a: no special abilities


You were on level 4 of the Dungeon.
You were not hungry.

You visited 1 branch of the dungeon, and saw 4 of its levels.

You collected 83 gold pieces.

Inventory:

Armour
 a - a +0 kite shield (worn)
Jewellery
 m - a ring of poison resistance (left tentacle)
 q - a +4 ring of protection (right tentacle)
Scrolls
 d - 5 scrolls of identify {unknown}
 e - 3 scrolls of magic mapping {unknown}
 f - a scroll of immolation {unknown}
 g - 3 scrolls of amnesia {unknown}
 h - 3 scrolls of noise {unknown}
 j - 3 scrolls of remove curse {unknown}
 l - 5 scrolls of teleportation {unknown}
 n - a scroll of fear {unknown}
 r - a scroll of fog {unknown}
Potions
 b - 3 potions of might
 i - 2 potions of curing
 k - a potion of berserk rage {unknown}
 o - a potion of flight {unknown}
 p - a potion of magic {unknown}
 s - a potion of mutation {unknown}
Comestibles
 c - 11 rations


   Skills:
 + Level 4.4 Fighting
 + Level 4.4 Dodging
 + Level 4.0 Stealth
 + Level 4.6 Shields
 + Level 3.8 Unarmed Combat


You had 6 spell levels left.
You didn't know any spells.
Your spell library was empty.

Dungeon Overview and Level Annotations

Branches:
Dungeon (4/15)
 Temple: D:4-7

Altars:
Dithmenos
Hepliaklqana
Makhleb
Ru
Yredelemnul

Shops:
D:4 :


Innate Abilities, Weirdness & Mutations

You cannot wear most types of armour.
You are very stealthy in the water. (Stealth+)
You are amphibious.
You can wear up to eight rings at the same time.
You can use your tentacles to constrict eight enemies at once.
Your skin changes colour to match your surroundings (Stealth+).
Your rubbery body absorbs attacks. (AC +1, EV +1)


Message History

You constrict the orc priest, but do no damage.
The orc priest hits you. You block the orc's attack.
You barely miss the orc priest. You squeeze the orc priest.
The orc priest is severely wounded.
You constrict the orc priest.
The orc priest mumbles some strange prayers to Beogh against you.
Pain shoots through your body!
* * * LOW HITPOINT WARNING * * *
The orc barely misses you.
You tentacle-slap the orc priest.
The orc priest is almost dead.
You constrict the orc priest.
You kill the orc priest!
You aren't carrying any items that you can evoke.
Okay, then.
An orc comes into view. It is wielding a +0 dagger.
An orc priest comes into view. It is wielding a +0 club.
The orc priest calls down the wrath of Beogh upon you.
Beogh smites you!
You die...

##.#..##.######.........###
#.#..)÷.# ###8.....8##
......##..# #.#########
.##.####..# ##.##......##
#.......# #.........[.#
#####...####..###..###.#
#.........###..###.###
#####...####.......#......
#..#........@...####.##.###..
.>...o..........# #.##.##♣..
#..#.....o.o.[..####.##.♣.∩.♣
#####...####.#.....)...♣..
#........#.##.)#.#####
#...###### #.<...# #.o.#
##...## ##o## ##..# # #.#
....#####


You could see an orc priest, an orc wizard and 3 orcs.

Vanquished Creatures
  Sigmund (D:2)
  A gnoll shaman (D:3)
  An orc priest (D:4)
  An iguana (D:4)
  2 worker ants (D:4)
  Robin (D:2)
  11 gnolls
  4 adders
  A worm (D:3)
  3 dart slugs
  3 leopard geckos
  5 orcs
  4 giant cockroaches
  16 goblins
  10 hobgoblins
  8 jackals
  2 ball pythons (D:3)
  7 bats
  5 frilled lizards
  9 kobolds
  8 rats
103 creatures vanquished.

Vanquished Creatures (others)
  A withered plant (D:4)
1 creature vanquished.

Grand Total: 104 creatures vanquished

Notes
Turn   | Place    | Note
-------+----------+-------------------------------------------
     0 | D:1      | ANON1729 the Octopode Fighter began the quest for the Orb.
     0 | D:1      | Reached XP level 1. HP: 16/16 MP: 1/1
   123 | D:1      | Reached XP level 2. HP: 21/21 MP: 2/2
   493 | D:1      | Reached XP level 3. HP: 21/26 MP: 3/3
  1253 | D:2      | Reached skill level 1 in Stealth
  1253 | D:2      | Reached XP level 4. HP: 19/31 MP: 4/4
  1643 | D:2      | Noticed Robin
  1644 | D:2      | Noticed Sigmund
  1662 | D:2      | Killed Sigmund
  1662 | D:2      | Reached XP level 5. HP: 13/37 MP: 5/5
  1662 | D:2      | Reached XP level 6. HP: 15/43 MP: 6/6
  1984 | D:2      | Killed Robin
  2008 | D:2      | Found a basalt altar of Yredelemnul.
  2013 | D:2      | Found a shadowy altar of Dithmenos.
  2013 | D:2      | Found a hazy altar of Hepliaklqana.
  2021 | D:2      | Found a sacrificial altar of Ru.
  2023 | D:2      | Found a burning altar of Makhleb.
  2219 | D:3      | Found a faded altar of an unknown god.
  3061 | D:4      | Found Mocs's Book Boutique.
  3376 | D:3      | Reached XP level 7. HP: 34/48 MP: 7/7
  3669 | D:4      | Killed from afar by an orc priest

Illustrated notes

Levels and vault maps discovered:
D:1:      dpeg_arrival_water_temple_mockup, layout_basic,
          grunt_decor_one_mirror, minmay_misc_feat_columns
D:2:      layout_basic, minmay_overflow_temple_star_hex, first_ration,
          minmay_tetromino_t2, uniq_sigmund, uniq_robin
D:3:      layout_basic, chequers_ecumenical_altar_simple,
          kennysheep_generic_room_8
D:4:      layout_loops_cross, kiku_gazebo_garden_becter, serial_shops,
          nicolae_shop_trees, kennysheep_donut

Skill      XL: |  1  2  3  4  5  6  7 |
---------------+----------------------+-----
Stealth        | 1 2 3 4 |  4.0
Dodging        | 4 |  4.4
Shields        | 4 |  4.6
Unarmed Combat | 3 |  3.8
Fighting       | 4 |  4.4

Action                   |  1- 3 |  4- 6 |  7- 9 || total
-------------------------+-------+-------+-------++-------
Melee: Unarmed           |    61 |   148 |    23 ||   232
       Tentacles         |    12 |    33 |     7 ||    52
       Constrict         |    14 |    44 |     8 ||    66
       Punch             |       |     5 |     2 ||     7
  Use: Potion            |       |     1 |       ||     1
 Stab: Sleeping          |     4 |     8 |     2 ||    14
       Distracted        |     2 |       |       ||     2
  Eat: Chunk             |     1 |     6 |     2 ||     9
Armor: Skin              |     4 |     8 |     4 ||    16
Dodge: Dodged            |    11 |    86 |    11 ||   108
Block: Kite shield       |    23 |    64 |     7 ||    94
